 Dungeon Crawl Stone Soup version 0.27.1-2-g3b301248ec (webtiles) character file.

Game seed: 1242157677924066780

940 Descartes the Ruffian (level 7, -1/66 HPs)
             Began as a Troll Monk on Oct 5, 2021.
             Slain by a river rat (8 damage)
             ... summoned by Eustachio
             ... on level 5 of the Dungeon.
             The game lasted 00:05:52 (3384 turns).

Descartes the Ruffian (Troll Monk)                  Turns: 3384, Time: 00:05:54

Health: -1/66      AC:  4    Str: 20      XL:     7   Next: 88%
Magic:  6/6        EV: 10    Int:  8      God:
Gold:   173        SH:  0    Dex:  7 (12) Spells: 4/6 levels left

rFire    . . .     SeeInvis .     - Unarmed
rCold    . . .     Faith    .   (no shield)
rNeg     . . .     Spirit   .   a - +0 robe
rPois    .         Reflect  .   (helmet restricted)
rElec    .         Harm     .   (no cloak)
rCorr    .         Rampage  .   (gloves unavailable)
Will     .....                  (boots unavailable)
Stlth    +.........             (no amulet)
HPRegen  1.21/turn              (no ring)
MPRegen  0.10/turn              (no ring)

@: no status effects
A: large, unfitting armour, claws 3, regeneration 1, shaggy fur 1, tough skin 1
a: no special abilities


You were on level 5 of the Dungeon.
You visited 1 branch of the dungeon, and saw 6 of its levels.

You collected 173 gold pieces.

Inventory:

Hand Weapons
 m - a +0 great sword
 o - a +0 giant spiked club
Missiles
 d - 122 stones (quivered)
 q - 5 poisoned darts
Armour
 a - a +0 robe (worn)
 k - a +0 cloak
Scrolls
 b - a scroll of enchant armour {unknown}
 c - 2 scrolls of teleportation
 f - a scroll of noise {unknown}
 g - a scroll of vulnerability {unknown}
 l - a scroll of fear {unknown}
 r - a scroll of torment {unknown}
Potions
 h - a potion of curing
 j - a potion of degeneration {unknown}
 n - a potion of haste {unknown}
 p - a potion of cancellation {unknown}
 s - a potion of berserk rage {unknown}


   Skills:
 - Level 2.4 Fighting
 + Level 3.4 Throwing
 + Level 4.0 Dodging
 - Level 1.0 Stealth
 + Level 4.9 Unarmed Combat
 + Level 1.1 Translocations
 + Level 2.7 Transmutations
 + Level 2.6 Evocations


You had 4 spell levels left.
You knew the following spells:

 Your Spells              Type           Power      Damage    Failure   Level
a - Blink                 Tloc           N/A        N/A       38%         2

Your spell library contained the following spells:

 Spells                   Type           Power      Damage    Failure   Level
 Lesser Beckoning         Tloc           0%         N/A       63%         3
 Tukima's Dance           Hex            0%         N/A       78%         3
 Passage of Golubria      Tloc           N/A        N/A       95%         4
 Manifold Assault         Tloc           1%         N/A       100%        5
 Yara's Violent Unravell  Hex/Tmut       1%         3d3       100%        5


Dungeon Overview and Level Annotations

Branches:
Dungeon (6/15)
 Temple: D:4-7

Altars:
Makhleb

Annotations:
D:5 Eustachio; larifari's ghost, weakling FeDe


Innate Abilities, Weirdness & Mutations

You are too large for most types of armour.
You have claws for hands.
Your natural rate of healing is unusually fast.
You are covered in fur. (AC +1)
You have tough skin. (AC +1)


Message History

The quasit claws you but does no damage.
The quasit closely misses you.
You miss Eustachio.
Eustachio is almost dead.
The ufetubus barely misses you. The ufetubus hits you.
The river rat barely misses you.
Eustachio casts a spell.
Eustachio blinks!
The quasit bites you but does no damage.
The quasit claws you.
You feel clumsy. The quasit claws you. The river rat barely misses you.
Eustachio closely misses you.
You closely miss Eustachio.
Eustachio is almost dead.
The quasit bites you but does no damage.
The quasit completely misses you.
The quasit claws you but does no damage.
The ufetubus closely misses you. The ufetubus hits you.
Eustachio hits you with a +0 rapier.
* * * LOW HITPOINT WARNING * * *
The river rat bites you.
* * * LOW HITPOINT WARNING * * *
The quasit barely misses you.
The quasit claws you but does no damage.
The quasit barely misses you.
You closely miss Eustachio. Your claw misses Eustachio.
Eustachio is almost dead.
The ufetubus barely misses you. The ufetubus hits you.
* * * LOW HITPOINT WARNING * * *
Eustachio hits you with a +0 rapier.
* * * LOW HITPOINT WARNING * * *
The quasit bites you.
* * * LOW HITPOINT WARNING * * *
You feel clumsy. The quasit claws you.
* * * LOW HITPOINT WARNING * * *
The quasit barely misses you. The river rat bites you!
You die...

#..* #.....#,#...# #.# #.#
#..***#####.#,#.#.# #.# #.#
#.,,,,,,,*#.#,....* #.###.#
*,******,*#.###.########..##.#
*,** *,*#.##...#...........#
,,,** #.##.#......######.####
***,***#.....†.....#* #.# *
*,....###.#..5r.#.#* #.#
***,##*,......55@#...#**#.#
,,,** **###......@........#
**** ########...###### *#.##
*##


You could see Eustachio, an iron imp (summoned), a quasit (summoned), a river
rat (summoned) and an ufetubus (summoned).

Vanquished Creatures
  A black bear (D:5)
  An ogre (D:4)
  A bullfrog (D:5)
  A kobold brigand (D:5)
  3 scorpions
  A howler monkey (D:5)
  2 jellies (D:4)
  2 orc priests (D:5)
  A bullfrog skeleton (D:5)
  An iguana (D:5)
  5 orc wizards
  An adder (D:3)
  A gnoll (D:1)
  2 worms
  2 dart slugs (D:5)
  8 orcs
  3 ball pythons
  9 endoplasms
  A giant cockroach (D:1)
  7 goblins
  4 hobgoblins
  7 jackals (D:2)
  7 quokkas
  15 bats
  2 frilled lizards
  4 kobolds
  7 rats
99 creatures vanquished.

Notes
Turn   | Place    | Note
-------+----------+-------------------------------------------
     0 | D:1      | Descartes the Troll Monk began the quest for the Orb.
     0 | D:1      | Reached XP level 1. HP: 22/22 MP: 0/0
   213 | D:1      | Reached XP level 2. HP: 28/29 MP: 1/1
   324 | D:1      | Found a faded altar of an unknown god.
   518 | D:1      | Reached XP level 3. HP: 36/36 MP: 2/2
   829 | D:2      | Reached skill level 1 in Throwing
  1575 | D:3      | Reached skill level 1 in Evocations
  1584 | D:3      | Found a burning altar of Makhleb.
  1606 | D:3      | Reached skill level 1 in Transmutations
  1606 | D:3      | Reached XP level 4. HP: 44/44 MP: 3/3
  2232 | D:4      | Reached XP level 5. HP: 35/50 MP: 4/4
  2373 | D:4      | Reached XP level 6. HP: 59/59 MP: 5/5
  2749 | D:5      | Entered Level 5 of the Dungeon
  2839 | D:5      | Reached XP level 7. HP: 21/66 MP: 6/6
  3060 | D:5      | Learned a level 2 spell: Blink
  3302 | D:5      | Reached skill level 1 in Translocations
  3308 | D:5      | Noticed larifari's ghost (weakling FeDe)
  3356 | D:5      | Noticed Eustachio
  3384 | D:5      | Slain by a river rat

Illustrated notes

Levels and vault maps discovered:
D:1:      minmay_arrival_checkered_box, layout_loops_cross,
          hellmonk_ecumenical_altar_crossroads
D:2:      layout_loops_corners, fountainhead
D:3:      layout_loops_ring, mainiacjoe_overflow_paths
D:4:      layout_rooms, roderic_batcave
D:5:      layout_loops_ring, zin_angel, gammafunk_ghost_hive, uniq_eustachio
D:6:      layout_loops_cross, nicolae_overflow_hidden_temple

Skill      XL: |  1  2  3  4  5  6  7 |
---------------+----------------------+-----
Throwing       | 1 2 3 |  3.4
Evocations     | 1 2 |  2.6
Transmutations | 1 2 |  2.7
Dodging        | 3 4 |  4.0
Unarmed Combat | 4 |  4.9
Translocations | 1 |  1.1
Fighting       | |  2.4
Stealth        | |  1.0

Action                   |  1- 3 |  4- 6 |  7- 9 || total
-------------------------+-------+-------+-------++-------
Melee: Unarmed           |   142 |   112 |    84 ||   338
       Punch             |     3 |     5 |     1 ||     9
  Use: Potion            |       |       |     3 ||     3
       Scroll            |       |       |     2 ||     2
 Stab: Sleeping          |     3 |       |       ||     3
Armor: Robe              |    45 |    52 |    43 ||   140
Dodge: Dodged            |    70 |    72 |    72 ||   214
